 Dungeon Crawl Stone Soup version 0.17.1-3-g152610e (webtiles) character file.

675 moxian the Vandal (level 7, -1/60 HPs)
             Began as a Ghoul Hunter on Apr 26, 2016.
             Was an Initiate of Cheibriados.
             Slain by Prince Ribbit (16 damage)
             ... on level 5 of the Dungeon.
             The game lasted 00:17:58 (2823 turns).

moxian the Vandal (Ghoul Hunter)                    Turns: 2823, Time: 00:17:58

Health: -1/60      AC:  3    Str: 17    XL:     7   Next: 59%
Magic:  4/6        EV: 13    Int:  7    God:    Cheibriados [......]
Gold:   178        SH:  0    Dex: 12    Spells: 0 memorised, 6 levels left

rFire  . . .     SeeInvis .     b - +1 hunting sling
rCold  + . .     Clarity  .     a - +0 leather armour
rNeg   + + +     SustAt   .     (no shield)
rPois  ∞         Gourm    .     (no helmet)
rElec  .         Spirit   .     (no cloak)
rCorr  .         Warding  .     (no gloves)
rMut   .         Stasis   .     (no boots)
MR     .....                    (no amulet)
Stlth  ++........               (no ring)
                                (no ring)

@: rotting, very slow, not resistant to hostile enchantments, unstealthy
A: rotting body, claws 1, carnivore 3, cold resistance 1, negative energy
resistance 3, slow regeneration 1, torment resistance, unbreathing
a: Bend Time, Renounce Religion


You were on level 5 of the Dungeon.
You worshipped Cheibriados.
Cheibriados was noncommittal.
You were not hungry.

You visited 1 branch of the dungeon, and saw 5 of its levels.

You collected 178 gold pieces.

Inventory:

Hand Weapons
 b - a +1 hunting sling (weapon)
 c - a +0 short sword
 t - a +0 shortbow
Missiles
 d - 20 sling bullets (quivered)
 f - 9 tomahawks
 k - 69 stones
 q - 14 exploding sling bullets {!f}
 s - 22 arrows
Armour
 a - a +0 leather armour (worn)
 p - a +0 pair of gloves
Jewellery
 w - an uncursed ring of protection from cold {unknown}
Wands
 g - a wand of slowing (8)
Scrolls
 h - 3 scrolls of remove curse
 j - a scroll of amnesia
 r - a scroll of magic mapping {unknown}
 u - 2 scrolls of identify
 v - a scroll of recharging {unknown}
 x - a scroll of blinking {unknown}
 y - a scroll of teleportation
Potions
 m - a potion of magic
 o - a potion of cure mutation {unknown}
Comestibles
 e - 4 meat rations
 i - 2 slices of pizza
 l - 2 royal jellies


   Skills:
 + Level 4.4 Fighting
 + Level 4.9 Slings
 + Level 3.6 Dodging
 + Level 4.2 Stealth
 + Level 3.5 Unarmed Combat


You had 6 spell levels left.
You didn't know any spells.

Dungeon Overview and Level Annotations

Branches:
Dungeon (6/15)
 Temple: D:4-7

Altars:
Cheibriados
Elyvilon

Annotations:
D:5 Prince Ribbit


Innate Abilities, Weirdness & Mutations

Your body is rotting away.
You thrive on raw meat.
You are immune to poison.
You have sharp fingernails.
You are carnivorous and can eat meat at any time.
Your flesh is cold resistant.
You are immune to negative energy.
You regenerate slowly when monsters are visible.
You are immune to unholy pain and torment.
You can survive without breathing.


Message History

Aim: Prince Ribbit (moderately wounded)
You shoot a sling bullet. The sling bullet hits Prince Ribbit!
Prince Ribbit is heavily wounded.
Prince Ribbit hits you!
Firing (i - inventory. (,) - cycle):
d - 21 sling bullets (quivered)
Press: ? - help, Shift-Dir - straight line, f/p - Prince Ribbit
Aim: Prince Ribbit (heavily wounded)
You shoot a sling bullet. The sling bullet hits Prince Ribbit!
Prince Ribbit is severely wounded.
Prince Ribbit hits you! x2
* * * LOW HITPOINT WARNING * * *
Drink which item? (? for menu, Esc to quit)
You feel better. Prince Ribbit closely misses you.
Eat which item? (? for menu, Esc to quit)
Prince Ribbit barely misses you.
You continue eating.
Prince Ribbit barely misses you. x2
You continue eating.
Prince Ribbit hits you!
You die...

#.............##...###....[..
#############....#........>..
##(# ####..........)#>
###...# ###.........#.
...(... ##.......... .....(.
#.......... .......
#.......... #...F#####
#.^......#. #.@...#
#........#.
#####.#######.###.. #...#
###..# #.. #...###...## #..
#...##..### ##. #......## #.
#...#### ## #...# #####


You could see Prince Ribbit.

Vanquished Creatures
  A sky beast (D:5)
  A centaur (D:5)
  A phantom (D:6)
  A scorpion (D:6)
  An orc wizard (D:6)
  A giant frog skeleton (D:5)
  A jelly (D:5)
  A giant frog zombie (D:5)
  Ijyb (D:3)
  A hound (D:6)
  A centaur skeleton (D:5)
  2 worker ants (D:6)
  4 adders
  An ooze (D:1)
  A worm (D:2)
  A giant gecko (D:2)
  9 orcs
  3 bats
  3 giant cockroaches
  7 goblins
  10 hobgoblins
  11 jackals
  2 quokkas
  A giant newt (D:2)
  6 kobolds
  4 rats
76 creatures vanquished.

Notes
Turn   | Place    | Note
--------------------------------------------------------------
     0 | D:1      | moxian the Ghoul Hunter began the quest for the Orb.
     0 | D:1      | Reached XP level 1. HP: 17/17 MP: 0/0
   117 | D:1      | Reached XP level 2. HP: 21/24 MP: 1/1
   393 | D:1      | Reached skill level 4 in Slings
   764 | D:2      | Reached skill level 1 in Unarmed Combat
   764 | D:2      | Reached XP level 3. HP: 20/29 MP: 2/2
  1137 | D:2      | Reached XP level 4. HP: 29/37 MP: 3/3
  1345 | D:3      | Noticed Ijyb
  1362 | D:3      | Killed Ijyb
  1444 | D:3      | Reached XP level 5. HP: 44/44 MP: 4/4
  1465 | D:3      | Found a white marble altar of Elyvilon.
  1522 | D:3      | You fall through a shaft for 3 floors!
  1692 | D:6      | Noticed a phantom
  1793 | D:6      | Killed a phantom
  1793 | D:6      | Reached XP level 6. HP: 39/49 MP: 5/5
  2037 | D:5      | Entered Level 5 of the Dungeon
  2320 | D:6      | Reached XP level 7. HP: 28/56 MP: 6/6
  2517 | D:5      | HP: 2/59 [something (5)]
  2540 | D:5      | Found a snail-covered altar of Cheibriados.
  2608 | D:5      | Became a worshipper of Cheibriados the Contemplative
  2807 | D:5      | Noticed Prince Ribbit
  2823 | D:5      | Slain by Prince Ribbit

Action                   |  1- 3 |  4- 6 |  7- 9 || total
-------------------------+-------+-------+-------++-------
Melee: Short sword       |    22 |       |       ||    22
       Unarmed           |    84 |    51 |     8 ||   143
 Fire: Hunting sling     |    42 |   132 |    63 ||   237
Invok: Bend Time         |       |       |     1 ||     1
  Use: Scroll            |       |     6 |     1 ||     7
       Potion            |       |       |     6 ||     6
  Eat: Chunk             |     9 |     4 |     9 ||    22
       Meat ration       |       |       |     1 ||     1
